 Dungeon Crawl Stone Soup version 0.22-a0-571-g4a923d4 (webtiles) character file.

226 kae the Insei (level 5, 0/57 HPs)
             Began as a Demonspawn Transmuter on July 1, 2018.
             Succumbed to a worker ant's poison
             ... on level 4 of the Dungeon.
             The game lasted 00:02:20 (3441 turns).

kae the Insei (Demonspawn Transmuter)               Turns: 3441, Time: 00:02:21

Health: 0/57       AC: 22    Str: 10    XL:     5   Next: 69%
Magic:  2/9        EV:  2    Int: 14    God:
Gold:   182        SH:  0    Dex: 15    Spells: 3/9 levels left

rFire    . . .     SeeInvis .     - Unarmed
rCold    . . .     Gourm    .   (no shield)
rNeg     + + +     Faith    .   (armour currently unavailable)
rPois    +         Spirit   +   (helmet currently unavailable)
rElec    .         Reflect  .   (cloak currently unavailable)
rCorr    .         Harm     .   (gloves currently unavailable)
MR       .....     NoTele   +   (boots currently unavailable)
Stlth    +.........             (no amulet)
HPRegen  0.19/turn              (no ring)
MPRegen  0.22/turn              (no ring)

@: lethally poisoned (0 -> -8), tree-form, very slightly contaminated, hasted,
very quick
A: magic shield, magic regeneration
a: no special abilities


You were on level 4 of the Dungeon.
You were near starving.
You were a tree.
You visited 1 branch of the dungeon, and saw 4 of its levels.

You collected 182 gold pieces.

Inventory:

Missiles
 a - 67 arrows
Armour
 b - a +0 robe (melded)
 j - a +0 leather armour of cold resistance
Jewellery
 k - an uncursed amulet of magic regeneration {unknown}
 r - a +1 ring of protection {unknown}
Scrolls
 c - 4 scrolls of identify {unknown}
 e - a scroll of noise {unknown}
 f - 2 scrolls of remove curse {unknown}
 g - a scroll of fog {unknown}
 l - a scroll of fear {unknown}
 n - 2 scrolls of amnesia {unknown}
 q - 3 scrolls of teleportation {unknown}
 s - a scroll of random uselessness {unknown}
Potions
 h - a potion of lignification
 m - a potion of heal wounds {unknown}
 o - a potion of degeneration {unknown}
 p - a potion of curing {unknown}
Comestibles
 d - 4 rations


   Skills:
 + Level 2.3 Fighting
 - Level 1.7 Dodging
 * Level 4.0 Unarmed Combat
 + Level 2.8 Spellcasting
 * Level 3.5 Transmutations


You had 3 spell levels left.
You knew the following spells:

 Your Spells              Type           Power        Failure   Level  Hunger
a - Beastly Appendage     Tmut           ##....       5%          1    #......
b - Sticks to Snakes      Tmut           ##......     8%          2    ###....
c - Spider Form           Tmut/Pois      #.........   32%         3    ###....

Your spell library contained the following spells:

 Spells                   Type           Power        Failure   Level  Hunger
 Blade Hands              Tmut           ##........   82%         5    ######.
 Ice Form                 Ice/Tmut       #.......     71%         4    #####..


Dungeon Overview and Level Annotations

Branches:
Dungeon (4/15)
 Temple: D:4-7

Altars:
Xom

Annotations:
D:3 1 runed door, Roran's ghost, amateur NaTm


Innate Abilities, Weirdness & Mutations

((You have sharp fingernails.))
When hurt, damage is shared between your health and your magic reserves.
You regenerate magic rapidly.


Message History

The worker ant is heavily wounded.
The worker ant bites you.
* * * LOW HITPOINT WARNING * * *
You are more poisoned.
The worker ant poisons you!
Unknown command.
You swap places.
* * * LOW HITPOINT WARNING * * *
You feel sick.
Your adder bites the worker ant.
The worker ant closely misses your adder.
Your adder barely misses the worker ant.
It was a potion of haste.
You feel yourself speed up.
* * * LOW HITPOINT WARNING * * *
You feel sick.
The worker ant closely misses your adder.
Your adder closely misses the worker ant.
The worker ant closely misses your adder.
You turn into a tree.
Your +0 robe melds into your body.
Your roots penetrate the ground.
You die...

#..
...
#.#
#.#
#.#
#r#
#a#
#S#
#♣#
#.#
#.#
..#
.##
..
..
...


You could see a worker ant, a quokka and a friendly adder.

Vanquished Creatures
  Terence (D:2)
  An orc wizard (D:3)
  6 gnolls (D:2)
  3 adders
  2 oozes
  2 worms
  A dart slug (D:2)
  4 leopard geckos
  5 orcs (D:3)
  A ball python (D:1)
  3 giant cockroaches
  9 goblins
  4 hobgoblins
  5 jackals
  5 kobolds
  2 quokkas
  4 bats
  A frilled lizard (D:1)
  6 rats
65 creatures vanquished.

Vanquished Creatures (others)
  A ball python (D:2)
1 creature vanquished.

Grand Total: 66 creatures vanquished

Notes
Turn   | Place    | Note
-------+----------+-------------------------------------------
     0 | D:1      | kae the Demonspawn Transmuter began the quest for the Orb.
     0 | D:1      | Reached XP level 1. HP: 15/15 MP: 3/3
   159 | D:1      | Gained mutation: You have sharp fingernails. [demonic ancestry]
   159 | D:1      | Reached XP level 2. HP: 6/21 MP: 5/5
   651 | D:1      | Reached skill level 3 in Unarmed Combat
  1265 | D:2      | Reached XP level 3. HP: 18/26 MP: 6/6
  1298 | D:2      | Learned a level 2 spell: Sticks to Snakes
  1302 | D:2      | Learned a level 3 spell: Spider Form
  1602 | D:2      | Gained mutation: When hurt, damage is shared between your health and your magic reserves. [demonic ancestry]
  1602 | D:2      | Reached XP level 4. HP: 31/33 MP: 3/7
  1947 | D:2      | Noticed Terence
  1974 | D:2      | Killed Terence
  1974 | D:2      | Gained mutation: You regenerate magic rapidly. [demonic ancestry]
  1974 | D:2      | Reached XP level 5. HP: 11/38 MP: 1/8
  2788 | D:3      | Found a runed door.
  2790 | D:3      | Found a shimmering altar of Xom.
  2790 | D:3      | Noticed a hand axe of chaos
  2790 | D:3      | Noticed Roran's ghost (amateur NaTm)
  2798 | D:3      | Reached skill level 4 in Unarmed Combat
  3440 | D:4      | HP: 1/38 [poisoned by a worker ant]
  3441 | D:4      | Succumbed to a worker ant's poison

Vault maps used:
D:1:      nzn_arrival_water_spiral
D:2:      minmay_tree_intersection, minmay_misc_feat_plants, uniq_terence
D:3:      ebering_ghost_xom
D:4:      nicolae_tso_besieged_by_evil

Skill      XL: |  1  2  3  4  5 |
---------------+----------------+-----
Transmutations | 2 3 |  3.5
Unarmed Combat | 3 4 |  4.0
Fighting       | 2 |  2.3
Dodging        | |  1.7
Spellcasting   | |  2.8

Action                   |  1- 3 |  4- 6 || total
-------------------------+-------+-------++-------
Melee: Unarmed           |   100 |   114 ||   214
       Headbutt          |     4 |       ||     4
       Punch             |     2 |     1 ||     3
 Cast: Beastly Appendage |     9 |       ||     9
       Spider Form       |     3 |     4 ||     7
       Sticks to Snakes  |     2 |     3 ||     5
  Use: Potion            |       |     3 ||     3
 Stab: Sleeping          |     2 |     1 ||     3
  Eat: Chunk             |     2 |     6 ||     8
Armor: Robe              |    14 |     8 ||    22
       Skin              |     1 |     3 ||     4
Dodge: Dodged            |    75 |    95 ||   170

Table legend:
 A = Spawn XP
 B = Non-spawn XP
 C = Spawn XP percentage of total XP
 D = Spawn monster count
 E = Non-spawn monster count
 F = Spawn count percentage of total count
 G = Total turns spent on level
                    A         B        C        D         E        F      G
               +---------+---------+-------+---------+---------+-------+---------
         Total |       0 |     323 |   0.0 |       0 |      65 |   0.0 |  3441
               +---------+---------+-------+---------+---------+-------+---------
           D:1 |       0 |      37 |   0.0 |       0 |      22 |   0.0 |  1512
           D:2 |       0 |     194 |   0.0 |       0 |      25 |   0.0 |   900
           D:3 |       0 |      88 |   0.0 |       0 |      16 |   0.0 |  1004
           D:4 |       0 |       4 |   0.0 |       0 |       2 |   0.0 |    25
               +---------+---------+-------+---------+---------+-------+---------
